 Dungeon Crawl Stone Soup version 0.30.1-11-g7821555f0a (webtiles) character file.

Game seed: 1486042976031971624

44 lonewolfV2 the Trooper (level 3, -1/30 HPs)
             Began as a Formicid Fighter on Nov 17, 2023.
             Slain by a worm (9 damage)
             ... on level 2 of the Dungeon.
             The game lasted 00:01:24 (1149 turns).

lonewolfV2 the Trooper (Formicid Fighter)           Turns: 1149, Time: 00:01:24

Health: -1/30      AC:  6    Str: 20    XL:     3   Next: 87%
Magic:  3/3        EV:  9    Int:  7    God:
Gold:   115        SH:  5    Dex: 15    Spells: 2/2 levels left

rFire   . . .        a - +0 war axe
rCold   . . .        c - +0 buckler
rNeg    . . .        b - +0 scale mail
rPois   .            (helmet unavailable)
rElec   .            (no cloak)
rCorr   .            (no gloves)
SInv    +            (no boots)
Will    .....        (no amulet) Stlth
                     (no ring)
HPRegen 0.25/turn    (no ring)
MPRegen 0.08/turn

%: no passive effects
@: no status effects
A: permanent stasis, dig shafts and tunnels, antennae 3, four strong arms
a: Dig, Shaft Self


You were on level 2 of the Dungeon.
You visited 1 branch of the dungeon, and saw 2 of its levels.

You collected 115 gold pieces.

Inventory:

Hand Weapons
 a - a +0 war axe (weapon)
Armour
 b - a +0 scale mail (worn)
 c - a +0 buckler (worn)
Scrolls
 e - a scroll of poison {unknown}
Potions
 d - 2 potions of might
 f - a potion of curing
 i - 2 potions of haste


   Skills:
 + Level 4.2 Fighting
 - Level 2.6 Axes
 + Level 3.6 Armour
 - Level 4.0 Shields


You had 2 spell levels left.
You didn't know any spells.
Your spell library contained the following spells:

 Spells                   Type           Power      Damage    Failure   Level
 Cigotuvi's Dreadful Rot  Necr/Pois/Air  0%         N/A       94%         2
 Frozen Ramparts          Ice            0%         1d1       99%         3
 Dispel Undead            Necr           0%         3d6       100%        4
 Ice Form                 Ice/Tmut       0%         N/A       100%        4
 Summon Ice Beast         Ice/Summ       0%         N/A       100%        4
 Death Channel            Necr           0%         N/A       100%        6


Dungeon Overview and Level Annotations

Branches:
Dungeon (2/15)

Altars:


Innate Abilities, Weirdness & Mutations

You cannot be hasted, slowed, berserked, paralysed or teleported.
You can dig through walls and to a lower floor.
You have a pair of large antennae on your head. (SInv)
Your four strong arms can wield two-handed weapons with a shield.


Message History

The worm is moderately wounded.
The worm bites you! The adder bites you but does no damage.
You slash the worm!
The worm is severely wounded.
You slash the adder! The adder closely misses you. The worm bites you.
The adder barely misses you.
You hit the worm but do no damage.
The worm is severely wounded.
You hit the rat.
You kill the rat!
You closely miss the adder. The adder barely misses you. The worm bites you.
* * * LOW HITPOINT WARNING * * *
The adder bites you but does no damage. The adder bites you.
* * * LOW HITPOINT WARNING * * *
You are poisoned.
The adder poisons you!
You feel sick. The adder bites you but does no damage.
You see here a rat corpse.
You feel sick. The adder bites you but does no damage.
You see here 2 stones.
You miss the adder.
The adder is severely wounded.
You hit the worm.
You feel sick.
You are no longer poisoned.
The adder bites you.
* * * LOW HITPOINT WARNING * * *
You are lethally poisoned!
The adder poisons you! The worm closely misses you.
It was a potion of curing.
You feel better. The adder bites you but does no damage.
The adder closely misses you.
You barely miss the adder.
The adder is severely wounded.
You hit the worm. The adder closely misses you. The worm bites you.
* * * LOW HITPOINT WARNING * * *
The adder closely misses you.
You hit the adder.
You kill the adder!
You barely miss the worm. The worm bites you!
You die...

.. . .########
........
##.....#
#......#
#########..†...#
.......@†......#
########w#####.#
#.......# ....
#.......# ....
#.......# ....
#.......# ....
#.......# # ....
#.......# .#
...[
##.......##.##


You could see a worm.

Vanquished Creatures
  An adder (D:2)
  A worm (D:2)
  A dart slug (D:1)
  4 endoplasms
  A giant cockroach (D:2)
  4 goblins
  3 hobgoblins
  4 kobolds
  2 quokkas
  5 ball pythons (D:1)
  5 bats
  A frilled lizard (D:1)
  5 rats
37 creatures vanquished.

Notes
Turn   | Place    | Note
-------+----------+-------------------------------------------
     0 | D:1      | lonewolfV2 the Formicid Fighter began the quest for the
                  | Orb.
     0 | D:1      | Reached XP level 1. HP: 18/18 MP: 1/1
   174 | D:1      | Reached XP level 2. HP: 21/24 MP: 2/2
   367 | D:1      | Reached XP level 3. HP: 30/30 MP: 3/3
  1149 | D:2      | Slain by a worm

Illustrated notes

Levels and vault maps discovered:
D:1:      sevenhm_arrival_forest_fort_small_4, layout_basic,
          chequers_decorated_corner
D:2:      layout_basic

Skill      XL: |  1  2  3 |
---------------+----------+-----
Fighting       | 4 |  4.2
Axes           | |  2.6
Armour         | |  3.6
Shields        | |  4.0

Action                     || total
---------------------------++-------
  Melee: War axe           ||   115
    Use: Scroll            ||     3
         Potion            ||     1
 Armour: Scale mail        ||    54
  Dodge: Dodged            ||    70
  Block: Buckler           ||    34
